 Dungeon Crawl Stone Soup version 0.30-a0-54-g2e61a25929 (webtiles) character file.

Game seed: 11572705234876707285

36850 frimble the Slicer (level 13, -10/103 HPs)
             Began as a Demonspawn Arcane Marksman on Sept 7, 2022.
             Was a High Priest of Cheibriados.
             Mangled by a reaper
             ... wielding a +2 scythe of freezing
              (44 damage)
             ... in an ice cave.
             The game lasted 00:29:51 (16493 turns).

frimble the Slicer (Demonspawn Arcane Marksman)    Turns: 16493, Time: 00:29:51

Health: -10/103    AC:  9    Str: 25    XL:     13   Next: 55%
Magic:  19/19      EV: 28    Int: 31    God:    Cheibriados [*****.]
Gold:   712        SH:  6    Dex: 33    Spells: 5/14 levels left

rFire   . . .      SeeInvis .    b - +9 short sword "Vuemet" {vorpal, rC+}
rCold   + + .      Faith    .    (no shield)
rNeg    . . .      Spirit   .    w - +2 robe {Will+}
rPois   +          Reflect  .    u - +2 helmet
rElec   .          Harm     .    (no cloak)
rCorr   .          Rampage  .    (no gloves)
Will    +....                    r - +1 pair of boots
Stlth   ++++......               x - amulet "Bipsebu" {rPois rC+ Regen+ Dex+3}
HPRegen 1.07/turn                e - +4 ring of evasion
MPRegen 0.16/turn                j - +4 ring of evasion

@: mighty, very slow
A: large bone plates 2, powered by death 2, powered by pain 2, weakness stinger
2
a: Renounce Religion, Bend Time, Temporal Distortion, Slouch, Step From Time


You were in an ice cave.
You worshipped Cheibriados.
Cheibriados was extremely pleased with you.
You visited 3 branches of the dungeon, and saw 17 of its levels.
You also visited: Bailey and Ice Cave.

You collected 1149 gold pieces.
You spent 437 gold pieces at shops.

Inventory:

Hand Weapons
 a - a +1 scimitar of flaming
 b - the +9 short sword "Vuemet" (weapon) {vorpal, rC+}
   (You bought it in a shop on level 8 of the Dungeon)

   It inflicts extra damage upon your enemies.
   rC:        It protects you from cold.
 d - a +1 sling
Missiles
 i - 4 curare-tipped darts
 k - a throwing net
Armour
 l - a +1 buckler of cold resistance
 r - a +1 pair of boots (worn)
 u - a +2 helmet (worn)
 w - a +2 robe of willpower (worn)
Jewellery
 e - a +4 ring of evasion (left hand)
 j - a +4 ring of evasion (right hand)
 x - the amulet "Bipsebu" (around neck) {rPois rC+ Regen+ Dex+3}
   (You took it off a gnoll on level 6 of the Dungeon)

   [amulet of regeneration]

   Dex:       It affects your dexterity (+3).
   rC:        It protects you from cold.
   rPois:     It protects you from poison.
   Regen:     It increases your rate of health regeneration.
 D - a ring of resist corrosion
Wands
 c - a wand of flame (2)
 z - a wand of paralysis (9)
 E - a wand of polymorph (5)
 F - a wand of roots (2)
 N - a wand of mindburst (4)
Scrolls
 n - 4 scrolls of blinking
 o - 3 scrolls of teleportation
 p - 2 scrolls of magic mapping
 y - 2 scrolls of amnesia
 A - 2 scrolls of brand weapon
 B - 2 scrolls of fear
 C - 2 scrolls of identify
 J - a scroll of butterflies
 L - 2 scrolls of immolation
 M - a scroll of vulnerability
Potions
 f - a potion of lignification
 g - a potion of resistance
 h - 2 potions of heal wounds
 m - 2 potions of attraction
 q - 4 potions of flight
 s - 3 potions of mutation
 t - a potion of magic
 G - a potion of curing
 H - 5 potions of ambrosia
 I - a potion of brilliance
 K - a potion of cancellation


   Skills:
 - Level 10.1 Fighting
 - Level 12.0(12.1) Short Blades
 + Level 3.1(8.3) Long Blades
 - Level 3.6 Ranged Weapons
 - Level 0.3 Armour
 - Level 7.0 Dodging
 - Level 4.0 Stealth
 + Level 0.0 Shields
 - Level 1.0 Spellcasting
 - Level 3.0 Hexes
 - Level 5.3 Translocations
 + Level 6.2 Transmutations
 + Level 6.3 Earth Magic
 - Level 9.1 Invocations
 - Level 4.0 Evocations


You had 5 spell levels left.
You knew the following spells:

 Your Spells              Type           Power      Damage    Failure   Level
a - Apportation           Tloc           68%        N/A       1%          1
b - Blink                 Tloc           68%        N/A       1%          2
c - Statue Form           Tmut/Erth      26%        N/A       67%         6

Your spell library contained the following spells:

 Spells                   Type           Power      Damage    Failure   Level
 Slow                     Hex            80%        N/A       2%          1
 Sting                    Tmut/Pois      84%        1d7       2%          1
 Lesser Beckoning         Tloc           34%        N/A       2%          3
 Portal Projectile        Hex/Tloc       54%        N/A       4%          3
 Necrotise                Necr           4%         1d4       9%          1
 Summon Small Mammal      Summ           4%         N/A       9%          1
 Passage of Golubria      Tloc           34%        N/A       9%          4
 Poisonous Vapours        Pois/Air       2%         N/A       12%         2
 Static Discharge         Conj/Air       2%         3-4/arc   12%         2
 Dazzling Flash           Conj/Hex       20%        N/A       13%         3
 Inner Flame              Hex/Fire       10%        N/A       13%         3
 Ozocubu's Armour         Ice            1%         N/A       24%         3
 Cause Fear               Hex            10%        N/A       24%         4
 Iskenderun's Mystic Bla  Conj/Tloc      18%        2d6       26%         4
 Manifold Assault         Tloc           34%        N/A       26%         5
 Airstrike                Air            0%         2d(1-17)  63%         4
 Animate Dead             Necr           1%         N/A       63%         4
 Dispel Undead            Necr           1%         3d6       63%         4
 Olgreb's Toxic Radiance  Pois           1%         N/A       63%         4
 Sticky Flame             Conj/Fire      1%         2d3       63%         4
 Silence                  Hex/Air        5%         N/A       77%         5
 Eringya's Noxious Bog    Tmut/Pois      10%        N/A       98%         6
 Starburst                Conj/Fire      0%         6d3       100%        6
 Ozocubu's Refrigeration  Ice            0%         4d7       100%        7
 Lehudib's Crystal Spear  Conj/Erth      10%        10d4      100%        8


Dungeon Overview and Level Annotations

Branches:
Dungeon (12/15)            Temple (1/1) D:4            Lair (4/5) D:8
  Swamp (0/4) Lair:2        Snake (0/4) Lair:3        Slime (0/5) Lair:4
    Orc (0/2) D:10         Bailey (visited)           IceCv (1/1)

Altars:
Ashenzari
Cheibriados
Dithmenos
Fedhas
Gozag
Hepliaklqana
Kikubaaqudgha
Makhleb
Nemelex Xobeh
Okawaru
Qazlal
Ru
Sif Muna
Trog
Uskayaw
Vehumet
Wu Jian
Xom
Yredelemnul
Jiyva

Shops:
D:1 (   D:4 ?   D:6 **   D:8 (   D:9 (*!   D:12 *

Annotations:
D:9 3 runed translucent doors, PyroL's ghost, novice SpEn; SirDiesAlot's ghost, novice DEFE; ytrimaz's ghost, journeyman FoFi
D:12 Jorgrun
Lair:1 3 runed translucent doors, Jeffwins's ghost, journeyman HuWn
Lair:2 exclusion: oklob plant
Lair:3 3 runed translucent doors, Oggein's ghost, journeyman MyBe
Lair:4 3 runed translucent doors, Gofead's ghost, journeyman OpAr IceCv exclusion: 2 ice statues


Innate Abilities, Weirdness & Mutations

You are mostly covered in large bone plates. (SH +6)
You regenerate health from kills.
You sometimes gain power by taking damage.
You have a tail ending in a sharp stinger.


Message History

The grasping roots constrict the ice devil.
The ice devil struggles to escape constriction.
The reaper closely misses you.
You hit the reaper but do no damage.
The reaper is moderately wounded.
The grasping roots constrict the reaper, but do no damage.
The grasping roots constrict the ice devil.
You hit the reaper but do no damage.
The reaper is moderately wounded.
The grasping roots constrict the reaper.
The grasping roots constrict the ice devil.
The ice devil escapes!
The reaper misses you.
You hit the reaper.
The reaper is heavily wounded.
The grasping roots constrict the reaper.
The roots release their grip on the reaper.
You barely miss the reaper.
The reaper is heavily wounded.
The reaper hits you with a +2 scythe of freezing!!
Aiming: Fastroot
Press: ? - help, Shift-Dir - straight line, f/p - reaper
Aim: a reaper, wielding a +2 scythe of freezing, wearing a +2 robe of cold resistance and wearing a ring of ice (heavily wounded)
The roots erupt in riotous growth!
Roots grab the reaper.
Roots grab the ice devil.
The grasping roots constrict the reaper.
The grasping roots constrict the ice devil.
The ice devil struggles to escape constriction.
The reaper misses you.
You hit the reaper but do no damage.
You tail-slap the reaper, but do no damage.
The reaper is heavily wounded.
The grasping roots constrict the reaper.
The grasping roots constrict the ice devil, but do no damage.
The roots release their grip on the ice devil.
You hit the reaper.
You tail-slap the reaper, but do no damage.
The reaper is heavily wounded.
The grasping roots constrict the reaper.
The reaper hits you with a +2 scythe of freezing!!!
You die...

Z.# ## #§Z## .###
#§2○#
...############§☼§##
.........##...##§○.##
#.#...........)###..#
######..##.....##4..#
#...##....####2.##
#...###.###..@###
##....###....##
##........###
###....### ######


You could see a reaper (rooted) and an ice devil.

Vanquished Creatures
  6 hydras
  2 vault guards (Bailey)
  3 two-headed ogres
  Erica (Lair:2)
  A catoblepas (Lair:3)
  Nergalle (Lair:2)
  Sonja (Lair:4)
  A lindwurm (Lair:4)
  An ugly thing (D:12)
  A manticore (D:8)
  An elephant (D:8)
  5 black mambas
  A gargoyle (D:11)
  5 cane toads
  An unseen horror (D:11)
  8 komodo dragons
  4 ice devils
  3 rime drakes
  A troll (D:10)
  3 meliai (D:11)
  A queen bee (D:10)
  Prince Ribbit (Bailey)
  5 blink frogs (Lair:2)
  A hornet (D:9)
  3 dire elephant simulacra (IceCv)
  2 shadows
  2 wyverns
  A vampire (D:9)
  A wraith (D:12)
  31 yaks
  2 humans (Bailey)
  A steam dragon (D:9)
  3 basilisks
  4 vampire mosquitoes (D:11)
  A swamp worm (Lair:2)
  An acid dragon (D:9)
  15 water moccasins
  A sky beast (D:7)
  3 orc warriors
  A black bear (D:8)
  4 ice beasts
  2 centaurs
  22 wolves
  Blork the orc (D:6)
  3 kobold brigands
  27 bullfrogs
  4 necrophages
  A gnoll sergeant (D:12)
  3 scorpions
  A two-headed ogre simulacrum (IceCv)
  3 wights (D:7)
  23 killer bees (D:10)
  An electric eel (D:9)
  2 howler monkeys
  4 hounds
  2 gnoll boudas
  8 orc priests
  7 jellies
  4 iguanas
  5 orc wizards
  2 troll simulacra (IceCv)
  A polar bear simulacrum (IceCv)
  A wolf simulacrum (IceCv)
  19 gnolls
  5 adders
  6 white imps
  A worm (D:2)
  5 dart slugs
  25 orcs
  8 ball pythons
  19 endoplasms
  4 giant cockroaches
  12 goblins
  9 hobgoblins
  8 jackals
  6 quokkas
  13 bats
  4 frilled lizards
  20 kobolds
  6 rats
431 creatures vanquished.

Vanquished Creatures (others)
  An orc (D:12)
  10 fungi
  7 plants
18 creatures vanquished.

Grand Total: 449 creatures vanquished

Notes
Turn   | Place    | Note
-------+----------+-------------------------------------------
     0 | D:1      | frimble the Demonspawn Arcane Marksman began the quest for
                  | the Orb.
     0 | D:1      | Reached XP level 1. HP: 15/15 MP: 2/2
     9 | D:1      | Found a faded altar of an unknown god.
    95 | D:1      | Gained mutation: You sometimes gain a little power by
                  | taking damage. [demonic ancestry]
    95 | D:1      | Reached XP level 2. HP: 22/22 MP: 3/3
   452 | D:1      | Reached XP level 3. HP: 27/28 MP: 4/4
   709 | D:1      | Found Keagiuma's Antique Weapon Shoppe.
  1249 | D:2      | Found a bloodstained altar of Trog.
  1559 | D:2      | Gained mutation: You are partially covered in large bone
                  | plates. (SH +4) [demonic ancestry]
  1559 | D:2      | Reached XP level 4. HP: 28/35 MP: 5/5
  2235 | D:2      | Noticed a scorpion
  2604 | D:3      | Got the Codex of Elsewhere and Variation
  2655 | D:3      | Gained mutation: You regenerate a little health from kills.
                  | [demonic ancestry]
  2655 | D:3      | Reached XP level 5. HP: 37/41 MP: 6/6
  3081 | D:4      | Found Moqogest's Magic Scroll Shoppe.
  3089 | D:4      | Bought a scroll of teleportation for 30 gold pieces
  3089 | D:4      | Bought a scroll of magic mapping for 75 gold pieces
  3089 | D:4      | Bought a scroll of teleportation for 30 gold pieces
  3089 | D:4      | Bought a scroll of teleportation for 30 gold pieces
  3196 | D:4      | Reached skill level 1 in Short Blades
  3376 | D:4      | Reached skill level 2 in Short Blades
  3538 | D:4      | Gained mutation: You have a small tail. [demonic ancestry]
  3538 | D:4      | Reached XP level 6. HP: 38/47 MP: 7/7
  3724 | D:4      | Found a staircase to the Ecumenical Temple.
  3739 | Temple   | Entered the Ecumenical Temple
  4109 | D:4      | Found a sacrificial altar of Ru.
  4175 | D:5      | Entered Level 5 of the Dungeon
  4188 | D:5      | Reached skill level 3 in Short Blades
  4604 | D:5      | Found a radiant altar of Vehumet.
  4883 | D:5      | Reached skill level 4 in Short Blades
  4938 | D:4      | Found a shimmering altar of Xom.
  5173 | D:4      | Found an iron altar of Okawaru.
  5925 | D:5      | Got the Tractate on Blasphemous Rituals and Illusion
  5982 | D:5      | Reached XP level 7. HP: 46/52 MP: 8/8
  6387 | D:5      | Reached skill level 5 in Short Blades
  6996 | D:5      | Reached skill level 6 in Short Blades
  7366 | D:6      | Reached skill level 7 in Short Blades
  7366 | D:6      | Reached XP level 8. HP: 52/58 MP: 9/9
  7377 | D:6      | Found Zeteunu's Specific Store.
  7378 | D:6      | Found Befaz's General Store.
  7402 | D:6      | Noticed Blork the orc
  7422 | D:6      | Killed Blork the orc
  7670 | D:6      | Identified the amulet "Bipsebu" {rPois rC+ Regen+ Dex+3}
  7690 | D:6      | Found a shadowy altar of Dithmenos.
  7765 | D:6      | Identified the +2 robe "Oxtiudus" {rN+}
  8021 | D:6      | Reached skill level 1 in Stealth
  8130 | D:8      | Learned a level 1 spell: Apportation
  8329 | D:8      | Noticed a manticore
  8375 | D:8      | Found an opulent altar of Gozag.
  8430 | D:8      | Found a staircase to the Lair.
  8430 | D:8      | Noticed an elephant
  8503 | D:8      | Reached XP level 9. HP: 44/66 MP: 10/10
  8548 | D:8      | Noticed a two-headed ogre
  8559 | D:8      | Killed a two-headed ogre
  8671 | D:7      | Learned a level 2 spell: Blink
  8809 | D:7      | Reached skill level 5 in Fighting
  8875 | D:7      | Found a bloodstained altar of Trog.
  8912 | D:7      | Found a shimmering blue altar of Sif Muna.
  9076 | D:8      | Found Qoavez's Antique Weapon Shop.
  9079 | D:8      | Bought an ancient short sword for 192 gold pieces
  9079 | D:8      | Identified the +9 short sword "Vuemet" {vorpal, rC+} (You
                  | bought it in a shop on level 8 of the Dungeon)
  9121 | D:8      | Killed a manticore
  9174 | D:8      | Gained mutation: You sometimes gain power by taking damage.
                  | [demonic ancestry]
  9174 | D:8      | Reached XP level 10. HP: 80/80 MP: 11/11
  9248 | D:8      | Killed an elephant
 10127 | D:9      | Found a flagged portal.
 10147 | Bailey   | Entered a bailey
 10155 | Bailey   | Learned a level 6 spell: Statue Form
 10213 | Bailey   | Reached skill level 5 in Translocations
 10235 | Bailey   | Noticed Prince Ribbit
 10235 | Bailey   | Noticed a vault guard
 10256 | Bailey   | Killed Prince Ribbit
 10271 | Bailey   | Killed a vault guard
 10272 | Bailey   | Reached skill level 8 in Short Blades
 10363 | Bailey   | Noticed a vault guard
 10375 | Bailey   | Killed a vault guard
 10428 | Bailey   | Reached skill level 9 in Short Blades
 10531 | D:9      | Gained mutation: You have a tail ending in a sharp stinger.
                  | [demonic ancestry]
 10531 | D:9      | Reached XP level 11. HP: 59/86 MP: 12/12
 10655 | D:9      | Found an ornate altar of the Wu Jian Council.
 10655 | D:9      | Found a stormy altar of Qazlal.
 10705 | D:9      | Found Zetryat's Distillery.
 10705 | D:9      | Found Meiwuz's General Store.
 10706 | D:9      | Found Gadiserph's Antique Weapon Boutique.
 10710 | D:9      | Bought a potion of heal wounds for 80 gold pieces
 10887 | D:9      | Found a runed translucent gate.
 10887 | D:9      | Found a runed translucent gate.
 10887 | D:9      | Found a runed translucent gate.
 10888 | D:9      | Noticed SirDiesAlot's ghost (novice DEFE)
 10888 | D:9      | Noticed PyroL's ghost (novice SpEn)
 10889 | D:9      | Noticed ytrimaz's ghost (journeyman FoFi)
 11077 | D:9      | Reached skill level 10 in Short Blades
 11390 | D:10     | Entered Level 10 of the Dungeon
 11472 | D:10     | Noticed a two-headed ogre
 11491 | D:10     | Killed a two-headed ogre
 11704 | D:10     | Reached skill level 11 in Short Blades
 12168 | D:10     | Found a staircase to the Orcish Mines.
 12172 | D:10     | Found a snail-covered altar of Cheibriados.
 12302 | D:10     | Became a worshipper of Cheibriados the Contemplative
 12484 | D:11     | Noticed a two-headed ogre
 12493 | D:11     | Killed a two-headed ogre
 12494 | D:11     | Reached skill level 1 in Evocations
 13019 | D:12     | Noticed a green ugly thing
 13027 | D:12     | Killed a green ugly thing
 13028 | D:12     | Reached skill level 12 in Short Blades
 13031 | D:12     | Found Yleiwism's Profane Products.
 13051 | D:12     | Reached * piety under Cheibriados
 13121 | D:12     | Reached skill level 1 in Invocations
 13193 | D:12     | Noticed a two-headed ogre
 13194 | D:12     | Noticed Jorgrun
 13301 | Lair:1   | Entered Level 1 of the Lair of Beasts
 13362 | Lair:1   | Reached skill level 1 in Transmutations
 13362 | Lair:1   | Reached skill level 1 in Earth Magic
 13369 | Lair:1   | Gained mutation: You are mostly covered in large bone
                  | plates. (SH +6) [demonic ancestry]
 13369 | Lair:1   | Reached XP level 12. HP: 70/94 MP: 13/13
 13445 | Lair:1   | Noticed a four-headed hydra
 13456 | Lair:1   | Killed a four-headed hydra
 13518 | Lair:1   | Reached ** piety under Cheibriados
 13725 | Lair:1   | Identified the +0 demon whip of Duty {venom, *Noise Fragile
                  | rC+ Dex+10}
 13947 | Lair:1   | Noticed an eight-headed hydra
 13979 | Lair:1   | Killed an eight-headed hydra
 14030 | Lair:1   | Reached skill level 5 in Invocations
 14136 | Lair:1   | Found a runed translucent gate.
 14136 | Lair:1   | Found a runed translucent gate.
 14136 | Lair:1   | Found a runed translucent gate.
 14136 | Lair:1   | Noticed Jeffwins's ghost (journeyman HuWn)
 14260 | Lair:1   | Found a viscous altar of Jiyva.
 14350 | Lair:2   | Reached *** piety under Cheibriados
 14422 | Lair:2   | Noticed a five-headed hydra
 14439 | Lair:2   | Killed a five-headed hydra
 14501 | Lair:2   | Noticed a five-headed hydra
 14511 | Lair:2   | Killed a five-headed hydra
 14521 | Lair:2   | Found a staircase to the Swamp.
 14596 | Lair:2   | Noticed a six-headed hydra
 14614 | Lair:2   | Killed a six-headed hydra
 14659 | Lair:2   | Noticed Nergalle
 14669 | Lair:2   | Killed Nergalle
 14673 | Lair:2   | Noticed Erica
 14677 | Lair:2   | Reached **** piety under Cheibriados
 14689 | Lair:2   | Killed Erica
 14690 | Lair:2   | Reached skill level 10 in Fighting
 14690 | Lair:2   | Reached skill level 5 in Transmutations
 14690 | Lair:2   | Reached skill level 5 in Earth Magic
 14690 | Lair:2   | Gained mutation: You regenerate health from kills. [demonic
                  | ancestry]
 14690 | Lair:2   | Reached XP level 13. HP: 103/103 MP: 15/18
 15098 | Lair:2   | Reached ***** piety under Cheibriados
 15267 | Lair:3   | Found a staircase to the Snake Pit.
 15327 | Lair:3   | Reached skill level 1 in Long Blades
 15465 | Lair:3   | Found a runed translucent gate.
 15466 | Lair:3   | Found a runed translucent gate.
 15468 | Lair:3   | Found a runed translucent gate.
 15793 | Lair:3   | Got the Vellum of Iniquitous Rites and the Birds
 15860 | Lair:3   | Noticed Oggein's ghost (journeyman MyBe)
 16101 | Lair:4   | Noticed Sonja
 16103 | Lair:4   | Killed Sonja
 16138 | Lair:4   | Found a runed translucent gate.
 16138 | Lair:4   | Found a runed translucent gate.
 16138 | Lair:4   | Found a runed translucent gate.
 16139 | Lair:4   | Noticed Gofead's ghost (journeyman OpAr)
 16236 | Lair:4   | Found a frozen archway.
 16265 | IceCv    | Entered an ice cave
 16473 | IceCv    | Noticed a reaper
 16493 | IceCv    | Mangled by a reaper

Illustrated notes

Levels and vault maps discovered:
D:1:      minmay_arrival_shattered_statue, layout_basic,
          ebering_ecumenical_altar_mist, serial_shops, shop
D:2:      layout_loops_corners, basic_altar
D:3:      layout_basic
D:4:      layout_loops_corners, mainiacjoe_overflow_alcove_2, kennysheep_mini,
          okawaru_gym_becter, minmay_temple_entry_wispy, serial_shops,
          nicolae_shop_stone
D:5:      layout_loops_ring, mainiacjoe_overflow_small_starburst,
          nicolae_elevator_lobby_plus
D:6:      layout_cave_pools, mainiacjoe_overflow_six_doors_small,
          grunt_ministairs_9, nicolae_specific_store, small_statue_intersection,
          patterned_corridor, uniq_blork_the_orc
D:7:      layout_cave_pools, nzn_overflow_gifts_of_might_and_magic
D:8:      layout_basic, chequers_temple_overflow_statue_of_worship,
          david_lair_generic, serial_shops, shop_statue
D:9:      layout_basic, nicolae_overflow_hidden_temple,
          gammafunk_ghost_cemetery, enter_bailey_5, serial_aquarium,
          aquarium_bridge_square [aquarium_subvault_window,
          aquarium_subvault_bridge, aquarium_subvault_wall,
          aquarium_subvault_window], aquarium_window_1, aquarium_window_fake,
          aquarium_window_corner, aquarium_window_fake, aquarium_view_2d,
          aquarium_view_2c, aquarium_balcony_3a, aquarium_pool_five,
          nicolae_wooded_promenade
D:10:     layout_roguey [special_room_bee], cheibriados_altar_1
D:11:     layout_cave_pools
D:12:     layout_cave_pools, biasface_ghost_orc_armoury, nicolae_evil_shop,
          uniq_jorgrun
Temple:   nicolae_temple_bog_church
Lair:1:   minmay_guarded_unrand_snakebite, layout_big_grid,
          gammafunk_ghost_ooze, beast_lair_carwin_11,
          infiniplex_staircase_pool_2
Lair:2:   lemuel_slime, layout_misc_corridors, palyth_hydra_swamp_entry,
          roderic_batcave, uniq_nergalle, uniq_erica
Lair:3:   beast_lair_carwin_large_3, layout_small_grid,
          minmay_snake_entry_six_corridors, gammafunk_ghost_split,
          lemuel_fruit_tree
Lair:4:   gammafunk_worm_tunnel, layout_regular_city, slime_entry_2,
          gammafunk_ghost_split, portal_ice_cave_demonic_guard, serial_rivers,
          chequers_serial_rivers_large_b, chequers_serial_rivers_micro_e,
          chequers_serial_rivers_small_3, chequers_serial_rivers_room_a,
          chequers_serial_rivers_micro_b, uniq_sonja
IceCv:    ice_cave_small_demon

Skill      XL: |  1  2  3  4  5  6  7  8  9 10 11 12 13 |
---------------+----------------------------------------+-----
Fighting       | 2 3 4 7 8 10 | 10.1
Ranged Weapons | 2 3 |  3.6
Short Blades   | 2 4 7 9 12 | 12.0
Stealth        | 4 |  4.0
Dodging        | 4 7 |  7.0
Translocations | 5 |  5.3
Evocations     | 4 |  4.0
Invocations    | 1 7 9 |  9.1
Transmutations | 1 5 6 |  6.2
Earth Magic    | 1 5 6 |  6.3
Long Blades    | 3 |  3.1
Armour         | |  0.3
Spellcasting   | |  1.0
Hexes          | |  3.0

Action                   |  1- 3 |  4- 6 |  7- 9 | 10-12 | 13-15 || total
-------------------------+-------+-------+-------+-------+-------++-------
Melee: Short sword       |       |    88 |   182 |   836 |   313 ||  1419
       Tailslap          |       |    13 |    63 |   131 |    68 ||   275
       Punch             |       |       |     2 |     6 |     5 ||    13
       Rapier            |       |       |   208 |       |       ||   208
 Fire: Sling             |   138 |   214 |    68 |       |     8 ||   428
 Cast: Slow              |     2 |       |       |       |       ||     2
       Blink             |       |       |       |     4 |     2 ||     6
       Apportation       |       |       |       |       |     1 ||     1
Invok: Slouch            |       |       |       |       |     1 ||     1
Evoke: Wand              |       |       |     3 |    17 |     5 ||    25
  Use: Scroll            |     5 |     8 |     7 |     9 |     6 ||    35
       Potion            |       |       |     1 |     2 |       ||     3
 Stab: Sleeping          |       |       |     1 |     8 |     5 ||    14
       Paralysed         |       |       |       |     3 |       ||     3
       Distracted        |       |       |       |     1 |       ||     1
Armor: Robe              |     5 |       |    41 |    76 |    22 ||   144
       Leather armour    |     7 |    24 |     8 |       |       ||    39
       Ring mail         |       |       |    13 |       |       ||    13
Dodge: Dodged            |    58 |   123 |   309 |   618 |   229 ||  1337
Block: Other             |       |    31 |    60 |   134 |    64 ||   289

Table legend: (Time is in decaauts)
 A = Elapsed time spent in this place.
 B = Non-inter-level travel time spent in this place.
 C = Inter-level travel time spent in this place.
 D = Time resting spent in this place.
 E = Time spent auto-exploring this place.
 F = Levels seen in this place.
 G = Mean time per level.
                   A        B        C        D        E       F      G
               +--------+--------+--------+--------+--------+-----+--------+
         Total |  17883 |  16359 |   1524 |     95 |  12621 |  19 |  941.2 |
       Dungeon |  12930 |  11536 |   1394 |     95 |   9071 |  12 | 1077.5 |
        Temple |    172 |    155 |     17 |      0 |    148 |   1 |  172.0 |
          Lair |   4215 |   4104 |    111 |      0 |   3164 |   4 | 1053.8 |
        Bailey |    311 |    311 |      0 |      0 |    159 |   1 |  311.0 |
      Ice Cave |    254 |    254 |      0 |      0 |     77 |   1 |  254.0 |
               +--------+--------+--------+--------+--------+-----+--------+

Top non-repeatable levels by time:
     D:2: 1772 daAuts
     D:5: 1736 daAuts
  Lair:3: 1513 daAuts
     D:4: 1491 daAuts
     D:6: 1330 daAuts
  Lair:2: 1298 daAuts
  Lair:1: 1204 daAuts
     D:9: 1160 daAuts
     D:8: 1146 daAuts
     D:1: 1055 daAuts
     D:3: 890 daAuts
    D:10: 873 daAuts
     D:7: 586 daAuts
    D:11: 577 daAuts
  Bailey: 311 daAuts
